 Dungeon Crawl Stone Soup version 0.29.1-13-g9f3cf754e1 (webtiles) character file.

Game seed: 1851230701327884332

27 theswoord the Firebug (level 2, -7/19 HPs)
             Began as a Demonspawn Fire Elementalist on Jan 24, 2023.
             Mangled by Terence
             ... wielding a +0 flail
              (10 damage)
             ... on level 2 of the Dungeon.
             The game lasted 00:02:59 (1738 turns).

theswoord the Firebug (DsFE)                        Turns: 1738, Time: 00:02:59

Health: -7/19      AC:  2    Str:  8    XL:     2   Next: 93%
Magic:  0/5        EV: 12    Int: 18    God:
Gold:   44         SH:  5    Dex: 13    Spells: 2/5 levels left

rFire   . . .      SeeInvis .   l - +0 club
rCold   . . .      Faith    .   (no shield)
rNeg    . . .      Spirit   .   a - +0 robe
rPois   .          Reflect  +   (no helmet)
rElec   .          Harm     .   (no cloak)
rCorr   .          Rampage  .   (no gloves)
Will    .....                   (no boots)
Stlth   ++........              j - amulet of reflection
HPRegen 0.06/turn               d - ring of wizardry
MPRegen 0.09/turn               (no ring)

@: no status effects
A: big brain 1
a: no special abilities


You were on level 2 of the Dungeon.
You visited 1 branch of the dungeon, and saw 2 of its levels.

You collected 44 gold pieces.

Inventory:

Hand Weapons
 l - a +0 club (weapon)
Armour
 a - a +0 robe (worn)
Jewellery
 d - a ring of wizardry (left hand)
 j - an amulet of reflection (around neck)
Scrolls
 c - a scroll of teleportation {unknown}
 g - 2 scrolls of immolation {unknown}
 h - a scroll of identify {unknown}
 k - a scroll of fog {unknown}
Potions
 b - a potion of magic
 e - a potion of flight {unknown}
 f - a potion of brilliance {unknown}
 i - a potion of cancellation {unknown}
 m - a potion of degeneration {unknown}


   Skills:
 - Level 1.7 Dodging
 - Level 1.7 Stealth
 + Level 2.3 Spellcasting
 + Level 1.6 Conjurations
 * Level 3.3 Fire Magic


You had 2 spell levels left.
You knew the following spells:

 Your Spells              Type           Power      Damage    Failure   Level
a - Foxfire               Conj/Fire      40%        2x1d6     2%          1
b - Scorch                Fire           28%        2d6       2%          2

Your spell library contained the following spells:

 Spells                   Type           Power      Damage    Failure   Level
 Shock                    Conj/Air       20%        1d4       5%          1
 Freeze                   Ice            8%         1d3       8%          1
 Conjure Flame            Conj/Fire      10%        6-21      8%          3
 Inner Flame              Hex/Fire       8%         N/A       11%         3
 Dazzling Flash           Conj/Hex       10%        N/A       16%         3
 Frozen Ramparts          Ice            4%         1d1       21%         3
 Swiftness                Air            2%         N/A       21%         3
 Flame Wave               Conj/Fire      10%        2d6       26%         4
 Hailstorm                Conj/Ice       5%         3d4       43%         4
 Iskenderun's Mystic Bla  Conj/Tloc      5%         2d3       43%         4
 Airstrike                Air            1%         2d(1-17)  54%         4
 Starburst                Conj/Fire      5%         6d4       98%         6


Dungeon Overview and Level Annotations

Branches:
Dungeon (1/15)

Altars:

Annotations:
D:2 Terence


Innate Abilities, Weirdness & Mutations

You have an unusually large brain. (Int +2)


Message History

The goblin is severely wounded.
The goblin hits you but does no damage.
You hit the goblin.
You kill the goblin!
No target in view!
You see here a +0 dagger.
A sourceless malevolence fills the Dungeon...
You fall into a shaft and drop 1 floor!
The shaft crumbles and collapses.
Found 2 poisoned darts.
Terence the Incautious comes into view.
He is wielding a +0 flail.
Terence shouts!
Casting: Foxfire (safe; 2% risk of failure)
Confirm with . or Enter, or press ? or * to list all spells.
You conjure some foxfire!
Terence is nearby!
The foxfire hits Terence but does no damage.
Casting: Foxfire (safe; 2% risk of failure)
Confirm with . or Enter, or press ? or * to list all spells.
Flames lash Terence.
Terence is heavily wounded.
Terence's fire resistance burns away.
Terence hits you with a +0 flail!
Casting: Scorch (safe; 2% risk of failure)
Confirm with . or Enter, or press ? or * to list all spells.
Flames lash Terence.
Terence is burned terribly!
Terence is almost dead.
Terence barely misses you.
Casting: Scorch (safe; 2% risk of failure)
Confirm with . or Enter, or press ? or * to list all spells.
You don't have enough magic to cast this spell.
You hit Terence but do no damage.
Terence is almost dead.
Terence hits you with a +0 flail!
* * * LOW HITPOINT WARNING * * *
Your foxfire dissipates!
You hit Terence but do no damage.
Terence is almost dead.
Terence hits you with a +0 flail!
Ouch! That really hurt!
You die...

.. #.##
...# ##..#
....
#.#.##..#
#.......#
#@# #@#
###.#
###.#...###
..........#
###.#.##.##
.. #(...#
## ######


You could see Terence (combustible).

Vanquished Creatures
  A dart slug (D:1)
  6 endoplasms (D:1)
  A goblin (D:1)
  A hobgoblin (D:1)
  4 kobolds (D:1)
  3 quokkas (D:1)
  A ball python (D:1)
  A bat (D:1)
  A frilled lizard (D:1)
  4 rats (D:1)
23 creatures vanquished.

Vanquished Creatures (others)
  51 foxfires
51 creatures vanquished.

Grand Total: 74 creatures vanquished

Notes
Turn   | Place    | Note
-------+----------+-------------------------------------------
     0 | D:1      | theswoord the Demonspawn Fire Elementalist began the quest
                  | for the Orb.
     0 | D:1      | Reached XP level 1. HP: 13/13 MP: 3/3
   517 | D:1      | Reached skill level 3 in Fire Magic
   580 | D:1      | Gained mutation: You have an unusually large brain. (Int
                  | +2) [demonic ancestry]
   580 | D:1      | Reached XP level 2. HP: 14/19 MP: 5/5
  1027 | D:1      | Learned a level 2 spell: Scorch
  1725 | D:1      | You fall into a shaft and drop 1 floor!
  1731 | D:2      | Noticed Terence
  1738 | D:2      | Mangled by Terence

Skill      XL: |  1 |
---------------+----+-----
Fire Magic     | 3 |  3.3
Dodging        | |  1.7
Stealth        | |  1.7
Spellcasting   | |  2.3
Conjurations   | |  1.6

Action                   || total
-------------------------++-------
Melee: Unarmed           ||    12
       Club              ||    35
 Cast: Foxfire           ||    33
       Scorch            ||     3
 Stab: Sleeping          ||     2
Armor: Robe              ||    10
Dodge: Dodged            ||    41
Block: Other             ||    12

Levels and vault maps discovered:
D:1:      nzn_arrival_crosshair, layout_loops_ring, feat_on_display
D:2:      layout_basic, chequers_ecumenical_altar_island, minmay_misc_feat_five,
          uniq_crazy_yiuf_cottage, uniq_terence
